 Dungeon Sprint DCSS version 0.20-a0-555-gf6ae02d (webtiles) character file.

17056 Gingerlord the Protected (level 12, -3/108 HPs)
             Began as a Barachian Fighter on Feb 4, 2017.
             Was a High Priest of Okawaru.
             Slain by an ettin (illusionary)
             ... wielding a +0 dire flail
              (17 damage)
             ... in the Dungeon (Sprint IX: "|||||||||||||||||||||||||||||").
             The game lasted 00:09:18 (2608 turns).

Gingerlord the Protected (Barachian Fighter)        Turns: 2608, Time: 00:09:19

Health: -3/108     AC: 27    Str: 19    XL:     12   Next: 44%
Magic:  21/21      EV: 11    Int:  6    God:    Okawaru [*****.]
Gold:   542        SH: 19    Dex: 11    Spells: 11/11 levels left

rFire    . . .     SeeInvis .   u - +7 demon blade (elec)
rCold    + . .     Gourm    .   v - +2 plate armour {rC+}
rNeg     . . .     Faith    .   a - +1 large shield
rPois    .         Spirit   .   E - +1 helmet
rElec    .         Reflect  .   q - +0 cloak
rCorr    .         Harm     .   D - +1 pair of gloves
MR       +....     NoTele   +   B - +0 pair of boots
Stlth    ..........             (no amulet)
Regen    0.3/turn               F - ring of protection from magic
                                t - +2 ring of evasion

@: can't hop, slow
A: swims, slowness 1, strong legs 1
a: Hop, Heroism, Finesse, Renounce Religion


You were in the Dungeon.
You worshipped Okawaru.
Okawaru was extremely pleased with you.
You were very full.

You visited 1 branch You collected 1410 gold pieces.
You spent 868 gold pieces at shops.

Inventory:

Hand Weapons
 p - a +2 scimitar of flaming
 u - a +7 demon blade of electrocution (weapon)
Armour
 a - a +1 large shield (worn)
 q - a +0 cloak (worn)
 v - a +2 plate armour of cold resistance (worn)
 B - a +0 pair of boots (worn)
 D - a +1 pair of gloves (worn)
 E - a +1 helmet (worn)
Jewellery
 t - a +2 ring of evasion (left hand)
 F - a ring of protection from magic (right hand)
Wands
 o - a wand of lightning (0/15)
Scrolls
 k - 4 scrolls of blinking
 m - 4 scrolls of remove curse
 n - 4 scrolls of amnesia
 w - 2 scrolls of fear
 x - a scroll of recharging
 y - a scroll of identify
Potions
 b - 3 potions of might
 c - 2 potions of brilliance
 d - 4 potions of agility
 e - a potion of invisibility
 g - 2 potions of heal wounds
 h - 4 potions of haste
 i - 4 potions of magic
 j - 2 potions of berserk rage
 l - 6 potions of curing
 r - 3 potions of resistance
 s - a potion of ambrosia
Comestibles
 f - 12 bread rations
 z - 33 fruits
 A - 12 meat rations


   Skills:
 + Level 14.5 Fighting
 + Level 14.3 Long Blades
 + Level 14.5 Armour
 + Level 13.0 Dodging
 + Level 13.3 Shields
 - Level 12.1 Invocations


You had 11 spell levels left.
You didn't know any spells.

Dungeon Overview and Level Annotations

Branches:
Dungeon (1/1)

Altars:
Cheibriados
Dithmenos
Elyvilon
Fedhas
Gozag
Hepliaklqana
Kikubaaqudgha
Makhleb
Nemelex Xobeh
Okawaru
Qazlal
Ru
Sif Muna
Trog
Uskayaw
Vehumet
Xom
Yredelemnul
Zin
The Shining One
Beogh
Jiyva
Lugonu

Shops:
D !![(


Innate Abilities, Weirdness & Mutations

You can swim through water.
You cover ground slowly.
You can hop short distances.


Message History

Boing!
The rakshasa hits you with a trident!
* * * LOW HITPOINT WARNING * * *
Unknown command.
You feel much better.
The rakshasa blinks!
The rakshasa hits you but does no damage.
You slash the rakshasa!
There is a sudden explosion of sparks!
The rakshasa is almost dead.
You slice the rakshasa!!
You kill the rakshasa!
You block the ettin's attack. The ettin hits you but does no damage.
You hit the ettin.
There is a sudden explosion of sparks!
The ettin is heavily wounded.
The rakshasa blinks!
The ettin closely misses you. The ettin hits you with a dire flail!!
* * * LOW HITPOINT WARNING * * *
You slice the ettin!!
The ettin is heavily wounded.
The ettin misses you. The ettin hits you with a dire flail!
You die...

÷÷......††.(.....)'††......(...'.
▓▓▓▓▓▓▓▓▓▓▓▓▓▓▓▓▓▓▓▓▓▓▓▓▓▓▓▓▓▓▓▓▓
............................)†...
▓▓▓▓▓▓▓▓▓▓▓▓▓▓▓▓▓▓▓▓▓▓▓▓▓▓▓▓▓▓▓▓▓
....'))))))))[...'))).)∩)∩)∩)∩)..
▓▓▓▓▓▓▓▓▓▓▓▓▓▓▓▓▓▓▓▓▓▓▓▓▓▓▓▓▓▓▓▓▓
.................................
▓▓▓▓▓▓▓▓▓▓▓▓▓▓▓▓▓▓▓▓▓▓▓▓▓▓▓▓▓▓▓▓▓
..[[...[[[......@CC(CR)((.†......
▓▓▓▓▓▓▓▓▓▓▓▓▓▓▓▓▓▓▓▓▓▓▓▓▓▓▓▓▓▓▓▓▓


You could see 3 ettins and a rakshasa.

Vanquished Creatures
  A stone giant (D)
  An ettin (D)
  An ogre mage (D)
  A hydra (D)
  A centaur warrior (D)
  2 two-headed ogres (D)
  A skeletal warrior (D)
  2 orc knights (D)
  2 cyclopes (D)
  An ugly thing (D)
  5 orc sorcerers (D)
  3 black mambas (D)
  A spiny frog (D)
  A rime drake (D)
  3 komodo dragons (D)
  A kobold demonologist (D)
  A tengu conjurer (D)
  5 polar bears (D)
  A slime creature (D)
  2 hippogriffs (D)
  A yak (D)
  Grum (D)
  2 water moccasins (D)
  3 porcupines (D)
  11 orc warriors (D)
  3 black bears (D)
  A sky beast (D)
  4 wolves (D)
  A centaur (D)
  A crocodile (D)
  A bullfrog (D)
  A crimson imp (D)
  3 orc priests (D)
  11 orc wizards (D)
  2 worker ants (D)
  2 adders (D)
  An adder skeleton (D)
  A dart slug (D)
  A leopard gecko (D)
  8 orcs (D)
  A giant cockroach (D)
  A goblin (D)
  A frilled lizard (D)
  A giant cockroach zombie (D)
  A leopard gecko skeleton (D)
  A rat (D)
101 creatures vanquished.

Vanquished Creatures (others)
  An orc wizard (D)
1 creature vanquished.

Grand Total: 102 creatures vanquished

Notes
Turn   | Place    | Note
-------+----------+-------------------------------------------
     0 | D        | Gingerlord the Barachian Fighter began the quest for the Orb.
     0 | D        | Reached XP level 1. HP: 18/18 MP: 1/1
    11 | D        | Reached skill level 1 in Dodging
    18 | D        | Reached XP level 2. HP: 22/25 MP: 2/2
    44 | D        | Noticed a centaur
    57 | D        | Killed a centaur
    57 | D        | Reached skill level 5 in Fighting
    57 | D        | Reached skill level 5 in Armour
    57 | D        | Reached XP level 3. HP: 15/33 MP: 3/3
    57 | D        | Reached XP level 4. HP: 17/39 MP: 4/4
    71 | D        | Reached skill level 5 in Shields
    79 | D        | Reached skill level 5 in Long Blades
    79 | D        | Reached XP level 5. HP: 17/44 MP: 5/5
   311 | D        | Found a roughly hewn altar of Beogh.
   311 | D        | Found a snail-covered altar of Cheibriados.
   311 | D        | Found a shadowy altar of Dithmenos.
   311 | D        | Found a white marble altar of Elyvilon.
   311 | D        | Found a blossoming altar of Fedhas.
   311 | D        | Found an opulent altar of Gozag.
   312 | D        | Found a hazy altar of Hepliaklqana.
   313 | D        | Found a viscous altar of Jiyva.
   314 | D        | Found an ancient bone altar of Kikubaaqudgha.
   315 | D        | Found a corrupted altar of Lugonu.
   316 | D        | Found a burning altar of Makhleb.
   317 | D        | Found a sparkling altar of Nemelex Xobeh.
   318 | D        | Found an iron altar of Okawaru.
   319 | D        | Found a stormy altar of Qazlal.
   320 | D        | Found a sacrificial altar of Ru.
   321 | D        | Found a deep blue altar of Sif Muna.
   322 | D        | Found a bloodstained altar of Trog.
   323 | D        | Found a hide-covered altar of Uskayaw.
   324 | D        | Found a radiant altar of Vehumet.
   325 | D        | Found a shimmering altar of Xom.
   326 | D        | Found a basalt altar of Yredelemnul.
   328 | D        | Became a worshipper of Warmaster Okawaru
   330 | D        | Found a glowing silver altar of Zin.
   331 | D        | Found a glowing golden altar of the Shining One.
   384 | D        | Noticed an orc warrior
   395 | D        | Killed an orc warrior
   397 | D        | Reached skill level 5 in Dodging
   397 | D        | Reached XP level 6. HP: 44/53 MP: 5/8
   549 | D        | Noticed a centaur warrior
   549 | D        | Noticed a kobold demonologist
   549 | D        | Noticed a hippogriff
   549 | D        | Noticed a cyclops
   549 | D        | Noticed a yak
   559 | D        | Killed a centaur warrior
   559 | D        | Reached * piety under Okawaru
   559 | D        | Reached ** piety under Okawaru
   559 | D        | Reached *** piety under Okawaru
   559 | D        | Reached XP level 7. HP: 17/63 MP: 8/11
   559 | D        | Reached XP level 8. HP: 19/69 MP: 8/12
   562 | D        | Killed a kobold demonologist
   562 | D        | Reached **** piety under Okawaru
   566 | D        | Killed a hippogriff
   572 | D        | Killed a cyclops
   572 | D        | Reached ***** piety under Okawaru
   572 | D        | Reached XP level 9. HP: 27/78 MP: 9/14
   924 | D        | Noticed a black mamba
   924 | D        | Noticed a six-headed hydra
   924 | D        | Noticed a komodo dragon
   924 | D        | Noticed a black mamba
   936 | D        | Killed a four-headed hydra
   936 | D        | Received a gift from Okawaru
   936 | D        | Reached skill level 10 in Fighting
   936 | D        | Reached skill level 10 in Long Blades
   936 | D        | Reached skill level 10 in Armour
   937 | D        | Killed a black mamba
   941 | D        | Killed a komodo dragon
   941 | D        | Reached skill level 10 in Shields
   942 | D        | Killed a black mamba
   942 | D        | Reached XP level 10. HP: 39/86 MP: 8/17
  1172 | D        | Noticed a spiny frog
  1172 | D        | Noticed a black mamba
  1183 | D        | Reached skill level 10 in Dodging
  1188 | D        | Killed a spiny frog
  1188 | D        | Reached skill level 10 in Invocations
  1205 | D        | Killed a black mamba
  1225 | D        | Received a gift from Okawaru
  1388 | D        | Received a gift from Okawaru
  1395 | D        | Reached XP level 11. HP: 94/95 MP: 16/19
  1477 | D        | Noticed Grum
  1487 | D        | Killed Grum
  1770 | D        | Noticed an orc knight
  1789 | D        | Killed an orc knight
  1795 | D        | Noticed an orc knight
  1803 | D        | Received a gift from Okawaru
  1824 | D        | Killed an orc knight
  1881 | D        | Found Fariklal's Distillery.
  1881 | D        | Noticed an orc sorcerer
  1883 | D        | Noticed an orc sorcerer
  1887 | D        | Paralysed by an orc sorcerer for 4 turns
  1893 | D        | Killed an orc sorcerer
  1904 | D        | Killed an orc sorcerer
  1914 | D        | Found Wuojanau's Distillery.
  1925 | D        | Found Rijergho's Armour Emporium.
  1926 | D        | Noticed an orc sorcerer
  1928 | D        | Found Yfup's Weapon Shoppe.
  1933 | D        | Killed an orc sorcerer
  1934 | D        | Noticed an orc sorcerer
  1935 | D        | Noticed an orc sorcerer
  1960 | D        | Killed an orc sorcerer
  1967 | D        | Killed an orc sorcerer
  2275 | D        | Bought a potion of resistance for 130 gold pieces
  2275 | D        | Bought a potion of haste for 130 gold pieces
  2275 | D        | Bought a potion of agility for 52 gold pieces
  2277 | D        | Bought 2 potions of resistance for 280 gold pieces
  2277 | D        | Bought a potion of might for 56 gold pieces
  2277 | D        | Bought a potion of agility for 56 gold pieces
  2277 | D        | Bought a potion of ambrosia for 112 gold pieces
  2279 | D        | Bought a potion of agility for 52 gold pieces
  2488 | D        | Noticed a two-headed ogre
  2488 | D        | Noticed a cyclops
  2488 | D        | Noticed a two-headed ogre
  2494 | D        | Killed a two-headed ogre
  2499 | D        | Received a gift from Okawaru
  2501 | D        | Noticed a skeletal warrior
  2504 | D        | Noticed an ogre mage
  2510 | D        | Noticed an ettin
  2512 | D        | Killed a cyclops
  2515 | D        | Killed a two-headed ogre
  2515 | D        | Reached XP level 12. HP: 92/106 MP: 15/21
  2517 | D        | Noticed a rakshasa
  2526 | D        | Noticed an ettin
  2526 | D        | Paralysed by an ogre mage for 6 turns
  2530 | D        | Noticed a stone giant
  2537 | D        | Killed an ogre mage
  2542 | D        | Killed an ettin
  2566 | D        | Killed a stone giant
  2598 | D        | HP: 3/108 [ettin (illusionary)/dire flail (8)]
  2608 | D        | Slain by an ettin (illusionary)

Vault maps used:
D:        linesprint

Skill      XL: |  1  2  3  4  5  6  7  8  9 10 11 12 |
---------------+-------------------------------------+-----
Dodging        | 1 3 4 5 7 8 9 10 12 13 | 13.0
Fighting       | 5 6 8 9 10 12 13 14 | 14.5
Long Blades    | 4 5 6 8 9 10 11 13 14 | 14.3
Armour         | 5 6 8 9 11 12 13 14 | 14.5
Shields        | 4 5 6 8 9 10 11 12 13 | 13.3
Invocations    | 2 6 7 9 10 12 | 12.1

Action                   |  1- 3 |  4- 6 |  7- 9 | 10-12 || total
-------------------------+-------+-------+-------+-------++-------
Melee: Long sword        |    27 |    21 |       |       ||    48
       Scimitar          |       |    26 |    21 |   297 ||   344
       Demon blade       |       |       |       |    90 ||    90
Invok: Heroism           |       |       |     2 |     7 ||     9
       Finesse           |       |       |     1 |     5 ||     6
 Abil: Hop               |       |       |       |     1 ||     1
Evoke: Wand              |       |       |     6 |     1 ||     7
  Use: Potion            |       |     2 |     1 |     6 ||     9
       Scroll            |       |       |       |     6 ||     6
  Eat: Chunk             |       |       |       |     3 ||     3
       Fruit             |       |       |       |     7 ||     7
       Bread ration      |       |       |       |     1 ||     1
Armor: Scale mail        |     7 |     6 |       |       ||    13
       Chain mail        |       |    11 |    19 |    29 ||    59
       Plate armour      |       |       |       |    38 ||    38
Dodge: Dodged            |    13 |     9 |    18 |    69 ||   109
Block: Shield            |    12 |    24 |    15 |    96 ||   147
       Large shield      |       |       |       |    40 ||    40
       Rpst.: Long sword |     5 |     3 |       |       ||     8
       Scimitar          |       |     2 |     6 |    14 ||    22
       Demon blade       |       |       |       |     1 ||     1
